 Dungeon Crawl Stone Soup version 0.22.1-2-g9c5b331383 (webtiles) character file.

53 Descartes the Insei (level 3, 0/17 HPs)
             Began as a Vine Stalker Transmuter on Dec 26, 2018.
             Succumbed to an adder's poison
             ... on level 1 of the Dungeon.
             The game lasted 00:03:38 (1546 turns).

Descartes the Insei (Vine Stalker Transmuter)       Turns: 1546, Time: 00:03:39

Health: 0/17       AC:  2    Str: 13    XL:     3   Next: 87%
Magic:  0/7        EV: 12    Int: 13    God:
Gold:   54         SH:  0    Dex: 14    Spells: 3/6 levels left

rFire    . . .     SeeInvis .     - Unarmed
rCold    . . .     Gourm    .   (no shield)
rNeg     . . .     Faith    .   k - +0 robe
rPois    .         Spirit   +   (no helmet)
rElec    .         Reflect  .   (no cloak)
rCorr    .         Harm     .   (no gloves)
MR       .....                  (no boots)
Stlth    +.........             (no amulet)
HPRegen  0.05/turn              (no ring)
MPRegen  0.10/turn              (no ring)

@: lethally poisoned (0 -> -4)
A: fangs 2, magic shield, antimagic bite, no potion heal 3, rot immunity
a: no special abilities


You were on level 1 of the Dungeon.
You were not hungry.

You visited 1 branch of the dungeon, and saw 2 of its levels.

You collected 54 gold pieces.

Inventory:

Hand Weapons
 b - a +0 hunting sling
Missiles
 a - 12 arrows
 l - 4 sling bullets
 m - 30 stones (quivered)
Armour
 k - a +0 robe (worn)
Scrolls
 e - a scroll of blinking {unknown}
 h - a scroll of random uselessness {unknown}
 j - a scroll of magic mapping {unknown}
Potions
 f - a potion of haste {unknown}
 g - a potion of lignification {unknown}
 i - a potion of ambrosia {unknown}
Comestibles
 d - a ration


   Skills:
 - Level 0.8 Fighting
 + Level 2.1 Dodging
 * Level 3.9 Unarmed Combat
 - Level 2.1 Spellcasting
 + Level 2.5 Transmutations


You had 3 spell levels left.
You knew the following spells:

 Your Spells              Type           Power        Failure   Level  Hunger
a - Beastly Appendage     Tmut           #.....       9%          1    ##.....
b - Sticks to Snakes      Tmut           #.......     13%         2    ###....

Your spell library contained the following spells:

 Spells                   Type           Power        Failure   Level  Hunger
 Spider Form              Tmut/Pois      #.........   41%         3    ####...
 Ice Form                 Ice/Tmut       #.......     82%         4    #####..
 Blade Hands              Tmut           #.........   94%         5    ######.


Dungeon Overview and Level Annotations

Branches:
Dungeon (2/15)

Altars:


Innate Abilities, Weirdness & Mutations

You have extremely sharp teeth.
When hurt, damage is shared between your health and your magic reserves.
Your bite disrupts and absorbs the magic of your enemies.
Potions cannot restore your health.
You are immune to rotting.


Message History

You completely miss the adder.
The adder is lightly wounded.
You feel sick. The adder bites you but does no damage.
You closely miss the adder.
The adder is lightly wounded.
The adder bites you.
You hit the adder but do no damage. Your bite misses the adder.
The adder is lightly wounded.
* * * LOW HITPOINT WARNING * * *
You feel sick. The adder closely misses you. The kobold misses you.
You barely miss the adder. Your bite misses the adder.
The adder is lightly wounded.
The adder barely misses you. The kobold hits you.
* * * LOW HITPOINT WARNING * * *
The adder bites you.
* * * LOW HITPOINT WARNING * * *
The adder misses you. The kobold hits you.
* * * LOW HITPOINT WARNING * * *
You climb upwards.
You die...

#.#.# #.#.....#.########
#.#.# #.#####.#.########
#.#.# #.......#.........
#.#.#####.######....######
#.#............+..........
#.#######.######....#..###
#.##..............).......
#.###.###K######....#.#.##
#.# #.# #@S......)........
#.# #.#########.#.#...#.##
#.# #.#.......#.#.#.......
#.# #.#.#####.#.#.#.......
#.# #.#.#.....#.#.#..)....
##.###.#.#.....#.#.#.......
#..............#.#.#.......
##..##.#.####..#.#.#.......
#[.##.#.#.....#.#.#...####


You could see an adder and a kobold.

Vanquished Creatures
  2 worms (D:2)
  A dart slug (D:1)
  2 leopard geckos (D:1)
  4 bats (D:1)
  A giant cockroach (D:1)
  4 goblins
  5 hobgoblins
  3 frilled lizards
  11 kobolds
  9 rats (D:1)
42 creatures vanquished.

Notes
Turn   | Place    | Note
-------+----------+-------------------------------------------
     0 | D:1      | Descartes the Vine Stalker Transmuter began the quest for
                  | the Orb.
     0 | D:1      | Reached XP level 1. HP: 9/9 MP: 4/4
   422 | D:1      | Reached XP level 2. HP: 14/14 MP: 6/6
   426 | D:1      | Learned a level 2 spell: Sticks to Snakes
   904 | D:1      | Reached XP level 3. HP: 15/17 MP: 7/7
  1546 | D:1      | Succumbed to an adder's poison

Skill      XL: |  1  2  3 |
---------------+----------+-----
Dodging        | 2 |  2.1
Fighting       | |  0.8
Unarmed Combat | |  3.9
Spellcasting   | |  2.1
Transmutations | |  2.5

Action                   || total
-------------------------++-------
Melee: Unarmed           ||   103
       Bite              ||    25
       Punch             ||     2
 Fire: Hunting sling     ||    25
  Eat: Chunk             ||     2
Armor: Robe              ||    13
Dodge: Dodged            ||    62
